 Dungeon Crawl Stone Soup version 0.29-a0-420-g57f2fb0 (webtiles) character file.

Game seed: 14114636234760220344

153 Geeful the Insei (level 5, 0/34 HPs)
             Began as an Octopode Transmuter on May 18, 2022.
             Killed by nerve-wracking pain
             ... invoked by Grinder
              (11 damage)
             ... on level 3 of the Dungeon.
             The game lasted 00:09:00 (2676 turns).

Geeful the Insei (Octopode Transmuter)              Turns: 2676, Time: 00:09:00

Health: 0/34       AC:  2    Str: 11    XL:     5   Next: 35%
Magic:  6/9        EV: 20    Int: 15    God:
Gold:   104        SH:  0    Dex: 18    Spells: 3/9 levels left

rFire   . . .      SeeInvis .     - Unarmed
rCold   . . .      Faith    .   (shield currently unavailable)
rNeg    . . .      Spirit   .   (helmet currently unavailable)
rPois   x          Reflect  .   (no amulet)
rElec   .          Harm     .   (no ring)
rCorr   .          Rampage  .   (no ring)
Will    .....                   (no ring)
Stlth   ++........              (no ring)
HPRegen 0.11/turn               (no ring)
MPRegen 0.11/turn               (no ring)
                                (no ring)
                                (no ring)

@: lethally poisoned (0 -> -34), spider-form (expiring)
A: venomous fangs, almost no armour, (amphibious), 8 rings, tiny, (camouflage
1), (gelatinous body 1), (nimble swimmer 1), (tentacles)
a: End Transformation


You were on level 3 of the Dungeon.
You were a venomous arachnid creature.
You visited 1 branch of the dungeon, and saw 3 of its levels.

You collected 104 gold pieces.

Inventory:

Scrolls
 b - a scroll of immolation {unknown}
 e - 2 scrolls of identify
 g - a scroll of teleportation
 i - a scroll of brand weapon {unknown}
Potions
 a - 2 potions of lignification
 d - a potion of flight
 f - 2 potions of curing


   Skills:
 + Level 2.2 Fighting
 + Level 2.9 Dodging
 + Level 3.7 Unarmed Combat
 + Level 2.8 Spellcasting
 + Level 2.9 Transmutations


You had 3 spell levels left.
You knew the following spells:

 Your Spells              Type           Power      Damage    Failure   Level
a - Beastly Appendage     Tmut           20%        N/A       17%         1
b - Wereblood             Tmut           10%        N/A       24%         2
c - Spider Form           Tmut/Pois      6%         N/A       54%         3

Your spell library contained the following spells:

 Spells                   Type           Power      Damage    Failure   Level
 Freeze                   Ice            8%         1d3       41%         1
 Frozen Ramparts          Ice            4%         1d2       73%         3
 Ice Form                 Ice/Tmut       6%         N/A       88%         4
 Hailstorm                Conj/Ice       2%         3d3       97%         4


Dungeon Overview and Level Annotations

Branches:
Dungeon (3/15)

Altars:

Annotations:
D:3 Grinder


Innate Abilities, Weirdness & Mutations

You are a venomous arachnid creature.
You have poisonous fangs.
You are tiny and dextrous.
Your spellcasting is less reliable in this form.
Your armour is entirely melded.
You are incapable of wielding weapons or throwing items.
You cannot wear most types of armour.
((You are amphibious.))
You can wear up to eight rings at the same time.
((Your skin changes colour to match your surroundings (Stealth+).))
((Your rubbery body absorbs attacks. (AC +1, EV +1)))
((You are camouflaged when in or above water. (Stealth+)))
((You have tentacles for arms and can constrict up to eight enemies at once.))


Message History

Found a mace.
As you read the scroll of identify, it crumbles to dust.
f - 2 potions of curing Unknown command.
As you read the scroll of identify, it crumbles to dust.
d - a potion of flight
As you read the scroll of identify, it crumbles to dust.
h - a potion of degeneration You drop a potion of degeneration.
Grinder comes into view.
Really read the scroll of poison?
You can't even see any enemies this would affect.
The air fills with toxic fumes!
As you read the scroll of poison, it crumbles to dust.
What are your orders? t - Shout!
Orders for allies: a - Attack new target. r - Retreat! s - Stop attacking. g - Guard the area. f - Follow me.
Anything else - Cancel.
You shout for attention!
Grinder shouts!
Casting: Beastly Appendage (safe; 6% risk of failure)
Confirm with . or Enter, or press ? or * to list all spells.
The spell is quite dangerous to miscast (32% risk of failure)!
Continue anyway?
You turn into a venomous arachnid creature.
Grinder gestures at you.
You suddenly lose the ability to move!
Grinder says, "At least Makhleb appreciates what I'm doing."
Grinder gestures at you.
You shrug off the repeated paralysis!
Grinder gestures at you. Pain shoots through your body!
You can move again.
Really crawl into that cloud of poison gas?
You are engulfed in poison gas.
You are lethally poisoned!
Your transformation is almost over.
You feel extremely sick. Grinder gestures at you.
Pain shoots through your body!
You die...

###§#########
##.....
#.§§..).#
#...##.
#.#○###.#
#....#.
#.#☼##
#....8. #
#§§# ##.#88.
# ##○# #
##..8P.
#§##§##§#
#......
#○○○.○○§#
#.##...
####s####
#.##.## #○5§#
#.##.# #§☼§#
#.##.## #§○○#
#.###.. #§###
##...... #.
#....... ##
#.#####. ..
#. #.


You could see Grinder.

Vanquished Creatures
  7 gnolls (D:2)
  An adder (D:2)
  2 adder skeletons (D:3)
  2 worms (D:2)
  A dart slug (D:1)
  3 orcs (D:3)
  6 endoplasms
  2 giant cockroaches
  3 goblins
  5 hobgoblins (D:1)
  4 jackals (D:1)
  A quokka (D:2)
  A ball python (D:2)
  6 bats
  4 frilled lizards
  6 kobolds
  2 quokka skeletons (D:3)
  11 rats
67 creatures vanquished.

Vanquished Creatures (others)
  2 withered plants (D:3)
2 creatures vanquished.

Grand Total: 69 creatures vanquished

Notes
Turn   | Place    | Note
-------+----------+-------------------------------------------
     0 | D:1      | Geeful the Octopode Transmuter began the quest for the Orb.
     0 | D:1      | Reached XP level 1. HP: 13/13 MP: 3/3
   320 | D:1      | Reached XP level 2. HP: 18/18 MP: 3/5
   325 | D:1      | Learned a level 2 spell: Wereblood
   637 | D:1      | Reached XP level 3. HP: 23/23 MP: 6/6
  1262 | D:1      | Learned a level 3 spell: Spider Form
  1311 | D:2      | Reached XP level 4. HP: 12/29 MP: 2/7
  1990 | D:2      | Reached XP level 5. HP: 31/34 MP: 1/9
  2665 | D:3      | Noticed Grinder
  2671 | D:3      | Paralysed by Grinder for 5 turns
  2676 | D:3      | Killed from afar by Grinder

Illustrated notes

Levels and vault maps discovered:
D:1:      scummos_arrival_gate, layout_basic, minmay_pentomino_v4
D:2:      cheibrodos_old_hovel, layout_rooms, minmay_misc_feat_doors,
          minivault_11, grunt_ministairs_7, minmay_box_of_dots
D:3:      layout_loops_cross, shapermc_ecumenical_altar_venn, serial_undead,
          serial_undead_c, serial_undead_e, serial_undead_b, serial_undead_d,
          uniq_jessica, uniq_natasha, uniq_grinder

Skill      XL: |  1  2  3  4 |
---------------+-------------+-----
Fighting       | 2 |  2.2
Dodging        | |  2.9
Unarmed Combat | |  3.7
Spellcasting   | |  2.8
Transmutations | |  2.9

Action                   |  1- 3 |  4- 6 || total
-------------------------+-------+-------++-------
Melee: Unarmed           |    64 |    76 ||   140
       Kick              |    10 |     7 ||    17
       Constrict         |    12 |    19 ||    31
       Tentacles         |     9 |    13 ||    22
       Punch             |     4 |     4 ||     8
 Cast: Beastly Appendage |     8 |     4 ||    12
       Wereblood         |     2 |     5 ||     7
       Spider Form       |     1 |     3 ||     4
  Use: Scroll            |     6 |     4 ||    10
 Stab: Sleeping          |     4 |     8 ||    12
Armor: Skin              |     5 |     3 ||     8
Dodge: Dodged            |    48 |    40 ||    88

Table legend: (Time is in decaauts)
 A = Elapsed time spent in this place.
 B = Non-inter-level travel time spent in this place.
 C = Inter-level travel time spent in this place.
 D = Time resting spent in this place.
 E = Time spent auto-exploring this place.
 F = Levels seen in this place.
 G = Mean time per level.
                   A        B        C        D        E       F      G
               +--------+--------+--------+--------+--------+-----+--------+
         Total |   2668 |   2621 |     47 |      0 |   2169 |   3 |  889.3 |
       Dungeon |   2668 |   2621 |     47 |      0 |   2169 |   3 |  889.3 |
               +--------+--------+--------+--------+--------+-----+--------+

Top non-repeatable levels by time:
     D:1: 1567 daAuts
     D:2: 812 daAuts
     D:3: 287 daAuts
